 Dungeon Crawl Stone Soup version 0.24.0-13-gcf9b319 (webtiles) character file.

Game seed: 13391179955367690744, levelgen mode: deterministic

63 wrhowe the Skirmisher (level 3, 0/30 HPs)
             Began as a Demonspawn Abyssal Knight on Jan 10, 2020.
             Was a Follower of Lugonu.
             Slain by a kobold
             ... wielding a +0 dagger
              (2 damage)
             ... on level 2 of the Dungeon.
             The game lasted 00:09:12 (1412 turns).

wrhowe the Skirmisher (Demonspawn Abyssal Knight)   Turns: 1412, Time: 00:09:12

Health: 0/30       AC:  3    Str: 13    XL:     3   Next: 89%
Magic:  4/4        EV: 11    Int: 13    God:    Lugonu [*.....]
Gold:   79         SH:  0    Dex: 12    Spells: 2/2 levels left

rFire    . . .     SeeInvis .   a - +1 falchion
rCold    . . .     Gourm    .   (no shield)
rNeg     . . .     Faith    .   b - +0 leather armour
rPois    .         Spirit   .   (no helmet)
rElec    .         Reflect  .   (no cloak)
rCorr    .         Harm     .   (no gloves)
MR       .....                  (no boots)
Stlth    +.........             (no amulet)
HPRegen  0.10/turn              (no ring)
MPRegen  0.09/turn              (no ring)

@: lethally poisoned (0 -> -2)
A: powered by pain 1
a: Depart the Abyss, Renounce Religion


You were on level 2 of the Dungeon.
You worshipped Lugonu.
Lugonu was aware of your devotion.
You were not hungry.

You visited 1 branch of the dungeon, and saw 2 of its levels.
You visited the Abyss 1 time.

You collected 79 gold pieces.

Inventory:

Hand Weapons
 a - a +1 falchion (weapon)
Missiles
 g - 4 curare-tipped darts (quivered)
Armour
 b - a +0 leather armour (worn)
Jewellery
 f - an uncursed ring of magical power
 h - an uncursed ring of magical power
Scrolls
 i - 2 scrolls of identify
 j - a scroll of random uselessness {unknown}
Potions
 d - a potion of ambrosia
Miscellaneous
 e - a phantom mirror
Comestibles
 c - 2 rations


   Skills:
 + Level 3.7 Fighting
 + Level 2.4 Long Blades
 + Level 2.0 Armour
 + Level 1.5 Dodging
 + Level 2.4 Invocations
 * Level 1.0 Evocations


You had 2 spell levels left.
You didn't know any spells.
Your spell library was empty.

Dungeon Overview and Level Annotations

Branches:
Dungeon (2/15)

Altars:
Nemelex Xobeh


Innate Abilities, Weirdness & Mutations

You sometimes gain a little power by taking damage.


Message History

You feel sick. The adder barely misses you.
You riposte.
You hit the adder but do no damage.
The adder is almost dead.
A kobold comes into view. It is wielding a +0 dagger.
You hit the adder.
You kill the adder!
Lugonu accepts your kill.
You hit the hobgoblin.
The hobgoblin is lightly wounded.
You feel sick. The hobgoblin hits you with a +0 club.
* * * LOW HITPOINT WARNING * * *
You barely miss the hobgoblin.
The hobgoblin is lightly wounded.
The hobgoblin hits you but does no damage.
You hit the hobgoblin.
You kill the hobgoblin!
Lugonu accepts your kill.
* * * LOW HITPOINT WARNING * * *
You feel sick. The kobold hits you with a +0 dagger.
You die...

######......#.##.........###.....
# #.##..##.###.......## #..... #
#.##.###.# ##.....## #.#... #
#..... ..# ##...## #.##.. #
####.##### ##+## #..... # #. #..
#####. ##.#. #. .###.###)# .#####
#. (.....K@## #....# #.
####.###.###..#..# #.
##รท#.$##..######.
##..###......... ##......#######
#.###### #.# #.# #.#


You could see a kobold.

Vanquished Creatures
  2 adders (D:2)
  A dart slug (D:1)
  A leopard gecko (D:1)
  An orc (D:2)
  4 bats
  4 giant cockroaches
  6 hobgoblins
  A quokka (D:2)
  2 frilled lizards (D:2)
  8 goblins
  5 kobolds
  3 rats
38 creatures vanquished.

Notes
Turn   | Place    | Note
-------+----------+-------------------------------------------
     0 | Abyss:1  | wrhowe the Demonspawn Abyssal Knight began the quest for
                  | the Orb.
     0 | Abyss:1  | Reached XP level 1. HP: 18/18 MP: 2/2
    22 | Abyss:2  | Noticed a neqoxec
    24 | Abyss:2  | Noticed a neqoxec
    24 | Abyss:2  | Noticed a neqoxec
    34 | Abyss:3  | Found an iron altar of Okawaru.
    91 | Abyss:3  | Noticed a guardian serpent
    91 | Abyss:3  | Noticed a naga warrior
    91 | D:1      | Escaped the Abyss
   182 | D:1      | Reached * piety under Lugonu
   182 | D:1      | Gained mutation: You sometimes gain a little power by
                  | taking damage. [demonic ancestry]
   182 | D:1      | Reached XP level 2. HP: 8/24 MP: 3/3
   198 | D:1      | HP: 1/24 [goblin/+3 dagger (3)]
   690 | D:1      | Reached skill level 1 in Dodging
   692 | D:1      | Reached XP level 3. HP: 25/29 MP: 4/4
   855 | D:2      | Found a sparkling altar of Nemelex Xobeh.
  1179 | D:2      | Reached skill level 1 in Evocations
  1412 | D:2      | Slain by a kobold

Levels and vault maps discovered:
D:1:      mushboom_english_gardens, layout_rooms, serial_curves, eino_curves_01,
          eino_curves_04
D:2:      layout_loops_corners, nemelex_spade_bored_becter

Skill      XL: |  1  2  3 |
---------------+----------+-----
Long Blades    | 2 |  2.4
Armour         | 2 |  2.0
Dodging        | 1 |  1.5
Evocations     | 1 |  1.0
Fighting       | |  3.7
Invocations    | |  2.4

Action                   || total
-------------------------++-------
Melee: Falchion          ||   126
Invok: Depart the Abyss  ||     1
  Use: Scroll            ||     3
 Stab: Sleeping          ||     1
  Eat: Ration            ||     1
Armor: Leather armour    ||    40
Dodge: Dodged            ||    81
       Rpst.: Falchion   ||    32
